 Dungeon Crawl Stone Soup version 0.29-a0-289-g2178c42546 (webtiles) character file.

Game seed: 11881065583416046781

130 Armakuni the Chucker (level 5, -3/42 HPs)
             Began as a Human Wanderer on Mar 17, 2022.
             Slain by an orc
             ... wielding a +1 vorpal flail
              (8 damage)
             ... on level 3 of the Dungeon.
             The game lasted 00:04:52 (3566 turns).

Armakuni the Chucker (Human Wanderer)               Turns: 3566, Time: 00:04:52

Health: -3/42      AC:  2    Str: 10    XL:     5   Next: 36%
Magic:  5/5        EV: 12    Int: 13    God:
Gold:   199        SH:  0    Dex: 22    Spells: 4/4 levels left

rFire   . . .      SeeInvis +   a - +0 quarterstaff
rCold   . . .      Faith    .   (shield currently unavailable)
rNeg    . . .      Spirit   .   f - +0 robe
rPois   .          Reflect  .   (no helmet)
rElec   .          Harm     .   (no cloak)
rCorr   .          Rampage  .   (no gloves)
Will    .....                   (no boots)
Stlth   ++........              (no amulet)
HPRegen 0.14/turn               I - ring of see invisible
MPRegen 0.09/turn               D - +6 ring of dexterity

@: no status effects
A: no striking features
a: no special abilities


You were on level 3 of the Dungeon.
You visited 1 branch of the dungeon, and saw 3 of its levels.

You collected 199 gold pieces.

Inventory:

Hand Weapons
 a - a +0 quarterstaff (weapon)
Missiles
 b - a curare-tipped dart
 c - 7 poisoned darts (quivered)
Armour
 d - a +1 buckler
 f - a +0 robe (worn)
Jewellery
 D - a +6 ring of dexterity (right hand)
 I - a ring of see invisible (left hand)
Potions
 e - 2 potions of lignification
 g - a potion of curing
 h - a potion of berserk rage {unknown}
 i - a potion of might {unknown}
 j - a potion of attraction {unknown}


   Skills:
 + Level 3.9 Fighting
 + Level 3.0 Staves
 - Level 4.0 Throwing
 - Level 1.0 Armour
 - Level 1.0 Dodging
 - Level 2.0 Shields


You had 4 spell levels left.
You didn't know any spells.
Your spell library contained the following spells:

 Spells                   Type           Power      Damage    Failure   Level
 Foxfire                  Conj/Fire      0%         2x1d4     30%         1
 Conjure Flame            Conj/Fire      0%         6-21      67%         3
 Frozen Ramparts          Ice            0%         1d2       67%         3
 Inner Flame              Hex/Fire       0%         N/A       67%         3
 Flame Wave               Conj/Fire      0%         2d4       97%         4
 Ice Form                 Ice/Tmut       0%         N/A       97%         4
 Summon Ice Beast         Ice/Summ       0%         N/A       97%         4


Dungeon Overview and Level Annotations

Branches:
Dungeon (3/15)

Altars:


Message History

You sock the orc!
You kill the orc!
Throw: 9 darts (poison)
Press: ? - help, Q - select action, (/) - cycle Shift-Dir - straight line, f - orc priest
Aim: an orc priest, wielding a +0 short sword and wearing a +0 leather armour (66% to hit)
You throw a poisoned dart. The poisoned dart hits the orc priest.
The orc priest is poisoned.
Throw: 8 darts (poison)
Press: ? - help, Q - select action, (/) - cycle Shift-Dir - straight line, f/p - orc priest
Aim: an orc priest, wielding a +0 short sword and wearing a +0 leather armour (poisoned, 66% to hit)
You throw a poisoned dart. The poisoned dart hits the orc priest!
The orc priest looks even sicker.
You hit the orc priest but do no damage.
The orc priest hits you but does no damage.
You hit the orc priest but do no damage.
The orc priest closely misses you. The orc hits you but does no damage.
You hit the orc but do no damage. The orc barely misses you.
The orc priest hits you with a +0 short sword.
The orc hits you with a +1 vorpal flail.
You hit the orc priest but do no damage.
The orc priest is heavily wounded.
The orc hits you with a +0 war axe.
The orc priest hits you with a +0 short sword.
The orc closely misses you.
You hit the orc priest.
The orc priest is heavily wounded.
The orc hits you with a +0 war axe! The orc priest misses you.
The orc misses you.
You hit the orc priest.
The orc priest is almost dead.
The orc hits you with a +0 war axe!
* * * LOW HITPOINT WARNING * * *
The orc priest misses you. The orc barely misses you.
The orc attacks as you move away! The orc hits you with a +0 war axe.
* * * LOW HITPOINT WARNING * * *
The orc priest barely misses you.
You hit the orc priest.
You kill the orc priest!
The orc hits you with a +1 vorpal flail!
You die...

*,,,,,,,*,,,*,*,,,,,,,*,,,#...
*,,,,,,,#.,,#,*,,,,,,,*,,,#...
*,,,,,,,#..,+.*,,,,,,,*,,,#...
********#...#.#######+#.,,#...
#...#oo(........,,#...
#...#.o)........,,#...
#...####(##########...
#...[.o)..............
#....@)...............
#.....o...............
#.....................
###'###########...##.#
#.................##.#
#.................##..
#.................###.
#...................'.
#..............######.


You could see 2 orcs.

Vanquished Creatures
  2 orc priests (D:3)
  4 gnolls
  2 adders (D:2)
  A worm (D:2)
  A dart slug (D:1)
  An orc (D:3)
  4 ball pythons
  6 endoplasms
  A hobgoblin (D:1)
  5 kobolds
  3 quokkas
  2 bats
  A frilled lizard (D:1)
  4 goblins
  2 rats (D:2)
39 creatures vanquished.

Notes
Turn   | Place    | Note
-------+----------+-------------------------------------------
     0 | D:1      | Armakuni the Human Wanderer began the quest for the Orb.
     0 | D:1      | Armakuni set off with the following items: a +0 vorpal
                  | dagger, 2 curare-tipped darts, a +0 quarterstaff, a +0
                  | buckler, a potion of lignification, a +0 robe
     0 | D:1      | Reached XP level 1. HP: 13/13 MP: 1/1
   166 | D:1      | Reached skill level 1 in Fighting
   556 | D:1      | Reached XP level 2. HP: 15/21 MP: 2/2
  1624 | D:2      | Reached XP level 3. HP: 23/28 MP: 3/3
  2395 | D:3      | Reached XP level 4. HP: 34/35 MP: 4/4
  3456 | D:3      | Reached XP level 5. HP: 42/42 MP: 5/5
  3566 | D:3      | Slain by an orc

Illustrated notes

Levels and vault maps discovered:
D:1:      minmay_arrival_open_corners, layout_loops_corners
D:2:      layout_basic
D:3:      layout_basic, serial_shops, nicolae_shop_window_shopping

Skill      XL: |  1  2  3  4  5 |
---------------+----------------+-----
Fighting       | 1 2 3 |  3.9
Staves         | 3 |  3.0
Throwing       | |  4.0
Armour         | |  1.0
Dodging        | |  1.0
Shields        | |  2.0

Action                   |  1- 3 |  4- 6 || total
-------------------------+-------+-------++-------
Melee: Quarterstaff      |    67 |    39 ||   106
Throw: Dart              |     5 |     6 ||    11
  Use: Scroll            |     3 |     4 ||     7
 Stab: Sleeping          |     3 |     1 ||     4
Armor: Robe              |     9 |     7 ||    16
Dodge: Dodged            |    47 |    34 ||    81

Table legend: (Time is in decaauts)
 A = Elapsed time spent in this place.
 B = Non-inter-level travel time spent in this place.
 C = Inter-level travel time spent in this place.
 D = Time resting spent in this place.
 E = Time spent auto-exploring this place.
 F = Levels seen in this place.
 G = Mean time per level.
                   A        B        C        D        E       F      G
               +--------+--------+--------+--------+--------+-----+--------+
         Total |   3584 |   3531 |     53 |   1052 |   1913 |   3 | 1194.7 |
       Dungeon |   3584 |   3531 |     53 |   1052 |   1913 |   3 | 1194.7 |
               +--------+--------+--------+--------+--------+-----+--------+

Top non-repeatable levels by time:
     D:1: 1437 daAuts
     D:2: 1274 daAuts
     D:3: 872 daAuts
